 Dungeon Crawl Stone Soup version 0.15-a0-90-g85a0ca6 (webtiles) character file.

567 Sabsy the Slasher (level 6, -9/57 HPs)
             Began as a Minotaur Chaos Knight on Apr 8, 2014.
             Was a Plaything of Xom.
             Mangled by a reaper
             ... wielding a +1,+0 scythe of flaming
             ... summoned by the severe capriciousness of Xom
              (17 damage)
             ... on Level 4 of the Dungeon.
             The game lasted 00:18:16 (2672 turns).

Sabsy the Slasher (Minotaur Chaos Knight)           Turns: 2672, Time: 00:18:16

HP  -9/57        AC  7     Str 19      XL: 6   Next: 54%
MP   3/3         EV 10     Int  9      God: Xom
Gold 166         SH  0     Dex  9      Spells:  0 memorised,  5 levels left

rFire  . . .     SeeInvis .     a - +0 falchion (chaos)
rCold  + . .     Clarity  .     m - +1 ring mail {rC+}
rNeg   . . .     Conserve .     (no shield)
rPois  .         rCorr    .     (helmet restricted)
rElec  .         rRot     .     (no cloak)
SustAb . .       Spirit   .     (no gloves)
rMut   .         Warding  .     (no boots)
Saprov . . .     Stasis   .     (no amulet)
MR     .....                    (no ring)
                                (no ring)

@: lethally poisoned, not resistant to hostile enchantments, extremely
unstealthy
A: retaliatory headbutt, horns 2
a: Renounce Religion


You were on level 4 of the Dungeon.
You worshipped Xom.
You were a very special plaything of Xom.
You were not hungry.

You visited 1 branch of the dungeon, and saw 4 of its levels.

You collected 166 gold pieces.

Inventory:

Hand weapons
 a - a +0,+0 falchion of chaos (weapon)
Missiles
 l - 8 javelins (quivered)
Armour
 m - a +1 ring mail of cold resistance (worn)
Comestibles
 c - 3 bread rations
 d - a lychee
 i - a slice of pizza
 q - 9 grapes
Scrolls
 e - 7 scrolls of remove curse {unknown}
 f - 3 scrolls of teleportation {unknown}
 g - a scroll of noise {unknown}
 h - a scroll of fog {unknown}
 k - a scroll of enchant weapon I {unknown}
Potions
 j - 5 potions of curing
Miscellaneous
 b - a plain deck of summonings {drawn: 4}


   Skills:
 + Level 5.7 Fighting
 + Level 5.8 Long Blades
 + Level 4.4 Armour
 + Level 3.1 Dodging


You had 5 spell levels left.
You didn't know any spells.

Dungeon Overview and Level Annotations

Branches:
Dungeon (4/15)
 Temple: D:4-7

Altars:
Vehumet
Xom
Yredelemnul

Annotations:
D:3 Sigmund
D:4 exclusion: statue


Innate Abilities, Weirdness & Mutations

You reflexively headbutt those who attack you in melee.
You have a pair of horns on your head.


Message History

You feel sick. "Try this." Death has come for you... The rat bites you.
You closely miss the reaper. You headbutt the reaper.
The reaper is lightly wounded.
The rat bites you but does no damage.
You hit the reaper but do no damage.
The reaper flickers and vanishes!
Deactivating autopickup; reactivate with Ctrl-A.
You feel sick. Something hits you!
* * * LOW HITPOINT WARNING * * *
Something burns you!
* * * LOW HITPOINT WARNING * * *
The rat bites you but does no damage.
Press: ? - help, v - describe, . - travel The floor.
Unknown command.
Read which item? (? for menu, Esc to quit)
Okay, then.
Something hits you!
You die...

## #.. .. #.#### #. #.#..
.. #.#.# #. ##.#.# #.
###....#####.
##.##########............
#..!..{.@...........###..
#.!...r.........[........
#..#########........###..
. #.)#....####..
#..#..........
#..#########.# #..# #.#
#..# #.# #..# #.#


You could see a rat.

Vanquished Creatures
  A vampire mosquito (D:3)
  A phantom (D:4)
  An ogre (D:4)
  A scorpion (D:4)
  A worker ant (D:4)
  An orc wizard (D:4)
  2 adders
  2 giant mites
  3 worms
  4 giant geckos
  8 orcs
  5 giant cockroaches
  9 hobgoblins
  4 jackals (D:3)
  11 kobolds
  A quokka (D:2)
  A bat (shapeshifter) (D:3)
  7 bats
  5 giant newts
  4 goblins
  A kobold skeleton (D:4)
  9 rats
  A spectral orc (D:3)
83 creatures vanquished.

Vanquished Creatures (collateral kills)
  An orc wizard (D:3)
  Jessica (D:3)
  A giant gecko zombie (D:4)
3 creatures vanquished.

Vanquished Creatures (others)
  A vampire mosquito (D:3)
  A kobold zombie (D:1)
2 creatures vanquished.

Grand Total: 88 creatures vanquished

Notes
Turn   | Place    | Note
--------------------------------------------------------------
     0 | D:1      | Sabsy, the Minotaur Chaos Knight, began the quest for the Orb.
     0 | D:1      | Reached XP level 1. HP: 19/19 MP: 1/1
    97 | D:1      | XOM: silly message
    99 | D:1      | Reached skill level 4 in Long Blades
   103 | D:1      | Reached XP level 2. HP: 22/27 MP: 1/1
   103 | D:1      | XOM: confuse monster(s)
   259 | D:1      | XOM: divination: detect items
   547 | D:2      | Reached XP level 3. HP: 33/33 MP: 2/2
   573 | D:2      | Found a shimmering altar of Xom.
   731 | D:2      | XOM: noise
  1171 | D:2      | Reached XP level 4. HP: 41/41 MP: 2/2
  1237 | D:2      | XOM: divination: detect creatures
  1271 | D:3      | Found a basalt altar of Yredelemnul.
  1285 | D:3      | XOM: draining
  1373 | D:3      | Noticed Sigmund
  1561 | D:3      | XOM: god gift: plain deck of cards {god gift}
  1586 | D:3      | Noticed Jessica
  1590 | D:3      | Noticed a vampire mosquito
  1599 | D:3      | Killed Jessica
  1599 | D:3      | Reached skill level 5 in Long Blades
  1618 | D:3      | Killed a vampire mosquito
  1623 | D:3      | Reached XP level 5. HP: 11/47 MP: 2/2
  1854 | D:4      | XOM: noise
  1883 | D:4      | Noticed an ogre
  1890 | D:4      | Killed an ogre
  1890 | D:4      | Reached skill level 5 in Fighting
  2243 | D:4      | XOM: colour smoke trail
  2348 | D:4      | Reached XP level 6. HP: 39/56 MP: 3/3
  2465 | D:4      | Noticed a phantom
  2485 | D:4      | XOM: summons 2 friendly demons
  2504 | D:4      | Killed a phantom
  2546 | D:4      | XOM: 6-stop teleportation journey
  2567 | D:4      | XOM: 2-stop teleportation journey
  2602 | D:4      | Found a radiant altar of Vehumet.
  2669 | D:4      | XOM: severe Necr miscast
  2670 | D:4      | Noticed a reaper
  2672 | D:4      | Mangled by a reaper

Action                   |  1- 3 |  4- 6 || total
-------------------------+-------+-------++-------
Melee: Falchion          |    87 |   118 ||   205
Evoke: Deck              |       |     4 ||     4
  Use: Potion            |     1 |     5 ||     6
       Scroll            |       |     5 ||     5
 Stab: Paralysed         |       |     1 ||     1
